 Dungeon Crawl Stone Soup version 0.27.1-1-g398f81649c (webtiles) character file.

Game seed: 6144883055006591816

663 Crownlay the Fighter (level 7, 0/71 HPs)
             Began as a Hill Orc Fighter on Sept 8, 2021.
             Slain by an ogre (12 damage)
             ... on level 4 of the Dungeon.
             The game lasted 00:05:48 (3747 turns).

Crownlay the Fighter (Hill Orc Fighter)             Turns: 3747, Time: 00:05:48

Health: 0/71       AC:  6    Str: 21    XL:     7   Next: 56%
Magic:  7/7        EV:  9    Int:  8    God:
Gold:   153        SH:  4    Dex: 10    Spells: 6/6 levels left

rFire    . . .     SeeInvis .   f - +2 short sword (elec)
rCold    . . .     Faith    .   h - +0 buckler
rNeg     . . .     Spirit   .   b - +0 scale mail
rPois    .         Reflect  .   (no helmet)
rElec    .         Harm     .   (no cloak)
rCorr    .         Rampage  .   (no gloves)
Will     .....                  (no boots)
Stlth    ..........             (no amulet)
HPRegen  0.21/turn              (no ring)
MPRegen  0.10/turn              (no ring)

@: no status effects
A: no striking features
a: no special abilities


You were on level 4 of the Dungeon.
You visited 1 branch of the dungeon, and saw 4 of its levels.
You also visited: Ossuary.

You collected 153 gold pieces.

Inventory:

Hand Weapons
 a - a +0 war axe
 f - a +2 short sword of electrocution (weapon)
 j - a +2 short sword of holy wrath
Missiles
 i - 5 atropa-tipped darts (quivered)
 m - 9 poisoned darts
 o - 6 javelins
Armour
 b - a +0 scale mail (worn)
 c - a +0 kite shield
 h - a +0 buckler (worn)
Scrolls
 g - a scroll of immolation {unknown}
 l - a scroll of noise {unknown}
 r - 3 scrolls of teleportation {unknown}
 s - a scroll of blinking {unknown}
 t - a scroll of summoning {unknown}
 u - a scroll of identify {unknown}
Potions
 d - a potion of might
 e - a potion of curing {unknown}
 k - 3 potions of lignification {unknown}
 n - a potion of berserk rage {unknown}
 p - a potion of attraction {unknown}
 q - a potion of heal wounds {unknown}
 v - a potion of mutation {unknown}
 w - a potion of resistance {unknown}
 x - a potion of haste {unknown}
 z - a potion of brilliance {unknown}


   Skills:
 + Level 9.8 Fighting
 - Level 3.1 Axes
 - Level 3.2 Armour
 - Level 4.0 Shields


You had 6 spell levels left.
You didn't know any spells.
Your spell library was empty.

Dungeon Overview and Level Annotations

Branches:
Dungeon (4/15)            Ossuary (visited)
 Temple: D:4-7

Altars:


Message History

The adder bites you. You block the ogre's attack.
Throw: 7 darts (atropa)
Press: ? - help, Q - select action, (/) - cycle Shift-Dir - straight line, f - ogre
Aim: an ogre, wielding a +0 giant club (lightly wounded, 75% to hit, chance to blind on hit: 27%)
You throw an atropa-tipped dart. The atropa-tipped dart hits the ogre.
The ogre resists.
The ogre is lightly wounded.
Throw: 6 darts (atropa)
Press: ? - help, Q - select action, (/) - cycle Shift-Dir - straight line, f/p - ogre
Aim: an ogre, wielding a +0 giant club (lightly wounded, 75% to hit, chance to blind on hit: 27%)
You throw an atropa-tipped dart. The atropa-tipped dart hits the ogre.
The ogre resists.
The ogre is lightly wounded.
The ogre hits you with a +0 giant club!
You barely miss the ogre.
The ogre is lightly wounded.
The ogre barely misses you.
You hit the ogre.
The ogre is lightly wounded.
The ogre hits you with a +0 giant club.
You hit the ogre.
The ogre is moderately wounded.
You block the ogre's attack.
You hit the ogre.
The ogre is moderately wounded.
You puncture the ogre!
The ogre is heavily wounded.
The ogre hits you with a +0 giant club!!
* * * LOW HITPOINT WARNING * * *
You hit the ogre.
The ogre is severely wounded.
The ogre barely misses you.
You closely miss the ogre.
The ogre is severely wounded.
The ogre barely misses you.
You barely miss the ogre.
The ogre is severely wounded.
The ogre hits you with a +0 giant club!
You die...

##+## #.####.#..##
#. #.##...#...# #.
#.##.#####.# ##.#
#.##...#...# ##...
#.###..#..## #....
#.###.....# #...
#.........#
####..†#######.#####
......SO@......#
####!..#########
##.# #. #


You could see an ogre and an adder.

Vanquished Creatures
  A water moccasin (D:4)
  4 elf zombies (Ossuary)
  A hound (D:4)
  A human zombie (Ossuary)
  2 centaur zombies (Ossuary)
  3 hound zombies (Ossuary)
  3 mummies (Ossuary)
  An adder (D:2)
  2 adder zombies (Ossuary)
  2 worms (D:3)
  4 orcs (D:3)
  5 ball pythons
  3 bats
  7 endoplasms
  2 giant cockroaches
  2 gnoll zombies (Ossuary)
  3 goblins
  5 hobgoblins
  2 quokkas (D:1)
  4 frilled lizards
  4 goblin zombies (Ossuary)
  6 hobgoblin zombies (Ossuary)
  2 jackal zombies (Ossuary)
  4 kobolds
  4 kobold zombies (Ossuary)
  3 orc zombies (Ossuary)
  A quokka zombie (Ossuary)
  A rat (D:2)
  3 rat zombies (Ossuary)
85 creatures vanquished.

Notes
Turn   | Place    | Note
-------+----------+-------------------------------------------
     0 | D:1      | Crownlay the Hill Orc Fighter began the quest for the Orb.
     0 | D:1      | Reached XP level 1. HP: 19/19 MP: 1/1
   263 | D:1      | Reached skill level 4 in Fighting
   263 | D:1      | Reached XP level 2. HP: 27/27 MP: 2/2
   319 | D:1      | Found a faded altar of an unknown god.
   899 | D:2      | Reached XP level 3. HP: 34/34 MP: 3/3
  2000 | D:3      | Reached skill level 5 in Fighting
  2000 | D:3      | Reached XP level 4. HP: 32/42 MP: 4/4
  2625 | D:4      | Found a sand-covered staircase.
  2634 | Ossuary  | Entered an ossuary
  2663 | Ossuary  | Reached skill level 6 in Fighting
  2663 | Ossuary  | Reached XP level 5. HP: 21/50 MP: 5/5
  2912 | Ossuary  | Reached skill level 7 in Fighting
  2912 | Ossuary  | Reached XP level 6. HP: 35/60 MP: 6/6
  3291 | Ossuary  | Reached skill level 8 in Fighting
  3364 | Ossuary  | Reached skill level 9 in Fighting
  3364 | Ossuary  | Reached XP level 7. HP: 46/70 MP: 7/7
  3747 | D:4      | Slain by an ogre

Illustrated notes

Levels and vault maps discovered:
D:1:      mainiacjoe_arrival_reflecting_pool, layout_basic,
          ebering_ecumenical_altar_petrified, kennysheep_crisscross
D:2:      layout_loops_ring
D:3:      layout_basic
D:4:      layout_loops_corners, temple_doors_cd, enter_ossuary_1, uniq_menkaure,
          uniq_grinder

Skill      XL: |  1  2  3  4  5  6 |
---------------+-------------------+-----
Axes           | 3 |  3.1
Fighting       | 4 5 6 7 9 |  9.8
Shields        | 4 |  4.0
Armour         | |  3.2

Action                   |  1- 3 |  4- 6 |  7- 9 || total
-------------------------+-------+-------+-------++-------
Melee: Short sword       |    97 |   160 |    42 ||   299
       War axe           |     9 |       |       ||     9
Throw: Dart              |    12 |     4 |     2 ||    18
Armor: Scale mail        |    47 |    88 |    10 ||   145
Dodge: Dodged            |    44 |    58 |    15 ||   117
Block: Kite shield       |     8 |       |       ||     8
       Buckler           |    17 |    40 |    13 ||    70
